 Dungeon Crawl Stone Soup version 0.28-a0-1114-g8eb0198dcf (webtiles) character file.

Game seed: 4861935816489229542

144 BinkBink the Conjurer (level 5, -27/38 HPs)
             Began as a Human Conjurer on Dec 10, 2021.
             Was an Initiate of Yredelemnul.
             Killed from afar by Ijyb (31 damage)
             ... with a bolt of acid
             ... on level 3 of the Dungeon.
             The game lasted 00:08:37 (3566 turns).

BinkBink the Conjurer (Human Conjurer)              Turns: 3566, Time: 00:08:38

Health: -27/38     AC:  2    Str:  7    XL:     5   Next: 52%
Magic:  2/9        EV: 12    Int: 20    God:    Yredelemnul [......]
Gold:   111        SH:  0    Dex: 12    Spells: 6/9 levels left

rFire   . . .      SeeInvis .   e - staff of poison
rCold   . . .      Faith    .   (no shield)
rNeg    . . .      Spirit   .   a - +0 robe
rPois   +          Reflect  .   (no helmet)
rElec   .          Harm     .   (no cloak)
rCorr   .          Rampage  .   (no gloves)
Will    .....                   (no boots)
Stlth   ++........              (no amulet)
HPRegen 0.12/turn               b - +4 ring of protection
MPRegen 0.11/turn               (no ring)

@: corroded
A: no striking features
a: Renounce Religion, Recall Undead Harvest


You were on level 3 of the Dungeon.
You worshipped Yredelemnul.
Yredelemnul was noncommittal.
You visited 1 branch of the dungeon, and saw 3 of its levels.

You collected 111 gold pieces.

Inventory:

Armour
 a - a +0 robe (worn)
Magical Staves
 e - a staff of poison (weapon)
Jewellery
 b - a +4 ring of protection (left hand)
 i - a ring of ice
Scrolls
 c - 2 scrolls of teleportation {unknown}
 d - a scroll of fear {unknown}
 g - a scroll of noise {unknown}
Potions
 f - a potion of heal wounds {unknown}
 h - a potion of flight {unknown}


   Skills:
 * Level 1.7 Fighting
 * Level 1.1 Staves
 * Level 1.4 Armour
 + Level 2.3 Dodging
 - Level 2.0 Stealth
 + Level 2.9 Spellcasting
 + Level 4.8 Conjurations


You had 6 spell levels left.
You knew the following spells:

 Your Spells              Type           Power      Damage    Failure   Level
a - Magic Dart            Conj           88%        1d7       1%          1
b - Searing Ray           Conj           44%        2d6       3%          2

Your spell library contained the following spells:

 Spells                   Type           Power      Damage    Failure   Level
 Apportation              Tloc           4%         N/A       14%         1
 Dazzling Flash           Conj/Hex       24%        N/A       16%         3
 Fulminant Prism          Conj/Hex       6%         3d7       47%         4
 Iskenderun's Mystic Bla  Conj/Tloc      12%        2d5       47%         4
 Alistair's Intoxication  Tmut/Pois      2%         N/A       99%         5
 Starburst                Conj/Fire      6%         6d4       100%        6


Dungeon Overview and Level Annotations

Branches:
Dungeon (3/15)

Altars:
Yredelemnul

Annotations:
D:3 Ijyb


Message History

The magic dart hits the dart slug.
The dart slug is moderately wounded.
Casting: Magic Dart (safe; 1% risk of failure)
Confirm with . or Enter, or press ? or * to list all spells.
You can't see any susceptible monsters within range! (Use Z to cast anyway.)
The magic dart hits Ijyb.
Ijyb is moderately wounded.
The orc priest invokes the aid of Beogh against you.
Beogh smites you!
Casting: Magic Dart (safe; 1% risk of failure)
Confirm with . or Enter, or press ? or * to list all spells.
Aiming: Searing Ray (safe; 3% risk of failure)
Press: ? - help, Shift-Dir - straight line, f - dart slug, p - Ijyb
Aim: a dart slug (moderately wounded, ally target, 100% to hit)
The searing ray hits the dart slug.
The dart slug is heavily wounded. (Press . to maintain the ray.) Ijyb hits your frilled lizard zombie with a +0 quarterstaff!
Your frilled lizard zombie is destroyed!
Your rat zombie bites the dart slug.
Really fire in your rat zombie's direction?
The searing ray hits your rat zombie.
Your rat zombie is heavily damaged.
The searing ray hits the dart slug.
You kill the dart slug!
The searing ray hits Ijyb.
Ijyb is moderately wounded.
The searing ray hits the rat zombie.
You destroy the rat zombie!
That felt strangely unrewarding.
Ijyb zaps a wand.
The bolt of acid hits you!!
Ouch! That really hurt!
* * * LOW HITPOINT WARNING * * *
The acid corrodes you!
The orc priest mumbles some strange prayers to Beogh against you.
Pain shoots through your body!
* * * LOW HITPOINT WARNING * * *
Ijyb zaps a wand.
The bolt of acid hits you!!
Ouch! That really hurt!
You die...
Your body rises from the dead as a mindless zombie.

#........)................ #
#..................<)..... #.
#...................?).... .#
#.....g..........w....?...
#..##......o).............)...
#............................
###.##.#####.>........o..)...
#.#...........<.....##.....
##..g.#####@.........##.....
######..##.##...................<
#..........og.##........#...>.###
..#######..##.....#....<##..#..##
########.>......##.......#..#...#
................##.......##..#.##
........###.#...##.......###...##
######### #.....###.....###....##
#.....# ##...###.....##


You could see Ijyb and an orc priest.

Vanquished Creatures
  Terence (D:2)
  3 adders
  4 dart slugs
  7 orcs
  4 ball pythons
  2 bats
  9 endoplasms
  2 giant cockroaches (D:1)
  5 goblins
  4 hobgoblins
  7 jackals (D:1)
  4 quokkas
  3 frilled lizards
  4 kobolds
  6 rats
  A rat zombie (D:3)
66 creatures vanquished.

Vanquished Creatures (collateral kills)
  A dart slug (D:2)
1 creature vanquished.

Vanquished Creatures (others)
  2 bat zombies
  A dart slug zombie (D:2)
  2 frilled lizard zombies
  A goblin zombie (D:3)
  2 hobgoblin zombies (D:2)
  3 jackal zombies (D:1)
  A kobold zombie (D:2)
  An orc zombie (D:3)
  A quokka zombie (D:3)
  2 rat zombies
  A spectral endoplasm (D:2)
  9 withered plants (D:1)
26 creatures vanquished.

Grand Total: 93 creatures vanquished

Notes
Turn   | Place    | Note
-------+----------+-------------------------------------------
     0 | D:1      | BinkBink the Human Conjurer began the quest for the Orb.
     0 | D:1      | Reached XP level 1. HP: 13/13 MP: 3/3
   221 | D:1      | Reached XP level 2. HP: 19/19 MP: 3/5
   970 | D:1      | Reached XP level 3. HP: 25/25 MP: 2/6
  1077 | D:1      | Reached skill level 1 in Fighting
  1209 | D:1      | Found a faded altar of an unknown god.
  1239 | D:1      | Prayed at the altar of an unknown god.
  1239 | D:1      | Became a worshipper of Yredelemnul the Dark
  1239 | D:1      | Reached * piety under Yredelemnul
  1631 | D:2      | Reached XP level 4. HP: 16/32 MP: 1/7
  2183 | D:2      | Reached skill level 1 in Armour
  2293 | D:2      | Noticed Terence
  2362 | D:2      | Killed Terence
  2363 | D:2      | Reached skill level 1 in Staves
  2363 | D:2      | Reached XP level 5. HP: 37/37 MP: 1/9
  2534 | D:3      | Noticed Ijyb
  3350 | D:2      | Learned a level 2 spell: Searing Ray
  3566 | D:3      | Killed from afar by Ijyb

Illustrated notes

Levels and vault maps discovered:
D:1:      shiori_arrival_elements, layout_basic,
          shapermc_ecumenical_altar_flowoftime
D:2:      layout_rooms, chequers_serial_rivers_large_a, uniq_terence
D:3:      layout_rooms, chequers_serial_rivers_marsh, uniq_ijyb

Skill      XL: |  1  2  3  4 |
---------------+-------------+-----
Fighting       | 1 |  1.7
Armour         | 1 |  1.4
Staves         | 1 |  1.1
Dodging        | |  2.3
Stealth        | |  2.0
Spellcasting   | |  2.9
Conjurations   | |  4.8

Action                   |  1- 3 |  4- 6 || total
-------------------------+-------+-------++-------
Melee: Staff             |    13 |       ||    13
 Cast: Magic Dart        |    70 |    91 ||   161
       Searing Ray       |       |     2 ||     2
Armor: Robe              |    14 |     2 ||    16
Dodge: Dodged            |    30 |    16 ||    46

Table legend: (Time is in decaauts)
 A = Elapsed time spent in this place.
 B = Non-inter-level travel time spent in this place.
 C = Inter-level travel time spent in this place.
 D = Time resting spent in this place.
 E = Time spent auto-exploring this place.
 F = Levels seen in this place.
 G = Mean time per level.
                   A        B        C        D        E       F      G
               +--------+--------+--------+--------+--------+-----+--------+
         Total |   3582 |   3531 |     51 |      0 |   2741 |   3 | 1194.0 |
       Dungeon |   3582 |   3531 |     51 |      0 |   2741 |   3 | 1194.0 |
               +--------+--------+--------+--------+--------+-----+--------+

Top non-repeatable levels by time:
     D:2: 1755 daAuts
     D:1: 1543 daAuts
     D:3: 284 daAuts
